 Dungeon Crawl Stone Soup version 0.29-a0-231-g945431f764 (webtiles) character file.

Game seed: 2862689024165949410

445 YayAnonymity the Poker (level 6, -2/47 HPs)
             Began as a Demonspawn Abyssal Knight on Feb 25, 2022.
             Was a Believer of Lugonu.
             Slain by a hound (4 damage)
             ... on level 4 of the Dungeon on Feb 28, 2022.
             The game lasted 00:07:35 (4620 turns).

YayAnonymity the Poker (Demonspawn Abyssal Knight)  Turns: 4620, Time: 00:07:36

Health: -2/47      AC:  9    Str: 15    XL:     6   Next: 72%
Magic:  7/7        EV: 10    Int: 12    God:    Lugonu [**....]
Gold:   212        SH:  0    Dex: 13    Spells: 5/5 levels left

rFire   . . .      SeeInvis .   w - +0 club (spect)
rCold   . . .      Faith    .   (no shield)
rNeg    . . .      Spirit   .   f - +0 ring mail
rPois   .          Reflect  .   (helmet restricted)
rElec   .          Harm     .   g - +0 cloak
rCorr   .          Rampage  .   (no gloves)
Will    .....                   h - +0 pair of boots
Stlth   +.........              (no amulet)
HPRegen 0.15/turn               (no ring)
MPRegen 0.10/turn               (no ring)

@: no status effects
A: antennae 2, icy blue scales 1
a: Renounce Religion, Depart the Abyss, Bend Space


You were on level 4 of the Dungeon.
You worshipped Lugonu.
Lugonu was pleased with you.
You visited 1 branch of the dungeon, and saw 5 of its levels.
You visited the Abyss 1 time.

You collected 212 gold pieces.

Inventory:

Hand Weapons
 a - a +1 spear
 w - a +0 spectral club (weapon)
Missiles
 c - 6 atropa-tipped darts (quivered)
 i - 2 javelins
 v - a poisoned dart
Armour
 f - a +0 ring mail (worn)
 g - a +0 cloak (worn)
 h - a +0 pair of boots (worn)
Wands
 m - a wand of iceblast (7)
Scrolls
 b - a scroll of vulnerability {unknown}
 d - 3 scrolls of identify {unknown}
 e - 2 scrolls of magic mapping {unknown}
 k - a scroll of amnesia {unknown}
 n - 2 scrolls of enchant weapon {unknown}
 o - 4 scrolls of teleportation {unknown}
 q - a scroll of noise
 u - a scroll of silence {unknown}
Potions
 j - 3 potions of curing {unknown}
 l - a potion of cancellation {unknown}
 p - 2 potions of attraction {unknown}
 r - a potion of brilliance {unknown}
 s - 2 potions of heal wounds {unknown}
 t - a potion of magic {unknown}


   Skills:
 - Level 3.0 Fighting
 + Level 6.7 Polearms
 - Level 1.7 Armour
 - Level 0.8 Dodging
 - Level 2.4 Invocations


You had 5 spell levels left.
You didn't know any spells.
Your spell library contained the following spells:

 Spells                   Type           Power      Damage    Failure   Level
 Shock                    Conj/Air       0%         1d3       54%         1
 Swiftness                Air            0%         N/A       88%         3
 Airstrike                Air            0%         N/A       99%         4


Dungeon Overview and Level Annotations

Branches:
Dungeon (5/15)             Temple (0/1) D:5

Altars:
Ashenzari
Elyvilon
Kikubaaqudgha
Nemelex Xobeh
Sif Muna

Shops:
D:3 (   D:4 [


Innate Abilities, Weirdness & Mutations

You have a pair of antennae on your head.
You are partially covered in icy blue scales. (AC +2)


Message History

Found a staircase to the Ecumenical Temple.
The hound bites you but does no damage.
An iguana comes into view.
The iguana hisses angrily.
There is a stone staircase leading up here.
The hound closely misses you. x2
You climb upwards.
There is a stone staircase leading down here.
A hound is nearby!
The hound completely misses you.
You climb downwards.
You hear the sound of rushing water.
There is an entrance to a sewer on this level.
Hurry and find it before the portal rusts away!
The adder misses you.
The quokka bites you but does no damage.
The adder bites you but does no damage. The quokka closely misses you.
The ogre hits you with a +0 giant spiked club!
There is a stone staircase leading up here.
The hound bites you. The adder bites you.
You are poisoned.
The adder poisons you! The quokka bites you. The hound closely misses you.
The ogre hits you with a +0 giant spiked club!
* * * LOW HITPOINT WARNING * * *
The adder bites you but does no damage.
You climb upwards.
* * * LOW HITPOINT WARNING * * *
You feel sick.
There is a stone staircase leading down here.
You feel sick. The quokka misses you.
The quokka bites you but does no damage.
You feel sick.
You are no longer poisoned.
The hound closely misses you.
Okay, then.
Okay, then.
As you read the scroll labelled NOEDGHO OQOTI, it crumbles to dust.
You hear a loud clanging noise!
It was a scroll of noise.
The adder bites you but does no damage. The hound bites you.
You die...

######### ####)......# #######
#..........# ......#
#..........## ......#
#.......>...###
......#####......SO.....#
................@hr..##.##
......#####..........##..######
......# #...###.######......###
......## #...# #...#########....
.......## #...# ###...###########
........# #...#######............
......#.###.........>..##########
............#########....##
.######.###.# ####..###


You could see an ogre, a hound, an adder and a quokka.

Vanquished Creatures
  A phantom (D:2)
  A necrophage (D:4)
  A scorpion (D:4)
  An orc priest (D:3)
  Ijyb (D:4)
  4 gnolls
  4 adders
  A shadow imp (D:3)
  2 worms (D:3)
  10 dart slugs
  3 orcs
  9 endoplasms
  5 giant cockroaches
  5 goblins
  13 hobgoblins
  2 jackals (D:1)
  12 kobolds
  4 quokkas
  3 ball pythons
  2 bats
  3 frilled lizards
  6 rats
93 creatures vanquished.

Notes
Turn   | Place    | Note
-------+----------+-------------------------------------------
     0 | Abyss:1  | YayAnonymity the Demonspawn Abyssal Knight began the quest
                  | for the Orb.
     0 | Abyss:1  | Reached XP level 1. HP: 18/18 MP: 2/2
    46 | Abyss:1  | Noticed a fire bat
    46 | Abyss:1  | Noticed a small abomination
    47 | D:1      | Escaped the Abyss
   121 | D:1      | Reached skill level 2 in Polearms
   499 | D:1      | Gained mutation: You are partially covered in icy blue
                  | scales. (AC +2) [demonic ancestry]
   499 | D:1      | Reached XP level 2. HP: 24/24 MP: 3/3
   571 | D:1      | Reached * piety under Lugonu
   718 | D:1      | Reached skill level 3 in Polearms
   833 | D:1      | You fall into a shaft and drop 1 floor!
   849 | D:2      | Reached XP level 3. HP: 29/29 MP: 4/4
  1215 | D:2      | Upgraded the game from 0.29-a0-214-g17f627cfee to
                  | 0.29-a0-231-g945431f764
  1400 | D:2      | Reached ** piety under Lugonu
  1480 | D:2      | Noticed a phantom
  1503 | D:2      | Killed a phantom
  1504 | D:2      | Reached skill level 4 in Polearms
  1504 | D:2      | Gained mutation: You have a pair of small antennae on your
                  | head. [demonic ancestry]
  1504 | D:2      | Reached XP level 4. HP: 29/35 MP: 5/5
  1504 | D:2      | Gained mutation: You have a pair of antennae on your head.
                  | [demonic ancestry]
  1504 | D:2      | Reached XP level 5. HP: 34/41 MP: 6/6
  1678 | D:2      | Found an ancient bone altar of Kikubaaqudgha.
  1838 | D:3      | Reached skill level 5 in Polearms
  2930 | D:3      | Found a shimmering blue altar of Sif Muna.
  3151 | D:3      | Found a broken altar of Ashenzari.
  3189 | D:3      | Found Wyx Jule's Antique Weapon Boutique.
  3274 | D:3      | Reached XP level 6. HP: 40/47 MP: 7/7
  3386 | D:3      | Reached skill level 6 in Polearms
  3607 | D:4      | Found a sparkling altar of Nemelex Xobeh.
  3631 | D:4      | Found Keopsio's Armour Boutique.
  4273 | D:4      | Noticed Ijyb
  4303 | D:4      | Killed Ijyb
  4603 | D:5      | Entered Level 5 of the Dungeon
  4607 | D:5      | Found a staircase to the Ecumenical Temple.
  4619 | D:4      | HP: 2/47 [poisoned by an adder]
  4620 | D:4      | Slain by a hound

Illustrated notes

Levels and vault maps discovered:
D:1:      dpeg_arrival_three_same_balls, layout_rooms, solitary_fountain,
          minmay_ruptured
D:2:      layout_basic, basic_altar
D:3:      kennysheep_slugbush, layout_rooms, led_sif_pool,
          mainiacjoe_overflow_small_starburst, serial_shops, shop_fountains,
          hangedman_decor_riveting, hangedman_decor_diamond_cutter,
          minmay_fountain_box, minmay_goblin_kobold_house
D:4:      layout_rooms, mainiacjoe_overflow_catch_the_wave, serial_shops, shop,
          uniq_ijyb
D:5:      layout_rooms, minmay_temple_entry_arrows, cheibrodos_sewer_entry_bend,
          dk_rats_in_the_wall

Skill      XL: |  1  2  3  4  5  6 |
---------------+-------------------+-----
Polearms       | 2 3 4 5 6 |  6.7
Fighting       | |  3.0
Armour         | |  1.7
Dodging        | |  0.8
Invocations    | |  2.4

Action                   |  1- 3 |  4- 6 || total
-------------------------+-------+-------++-------
Melee: Spear             |   178 |   290 ||   468
       Punch             |     1 |     3 ||     4
Throw: Dart              |     2 |     4 ||     6
Invok: Depart the Abyss  |     1 |       ||     1
       Bend Space        |     1 |     2 ||     3
  Use: Scroll            |       |     1 ||     1
Armor: Leather armour    |     6 |       ||     6
       Ring mail         |    51 |    92 ||   143
Dodge: Dodged            |    70 |   110 ||   180

Table legend: (Time is in decaauts)
 A = Elapsed time spent in this place.
 B = Non-inter-level travel time spent in this place.
 C = Inter-level travel time spent in this place.
 D = Time resting spent in this place.
 E = Time spent auto-exploring this place.
 F = Levels seen in this place.
 G = Mean time per level.
                   A        B        C        D        E       F      G
               +--------+--------+--------+--------+--------+-----+--------+
         Total |   4582 |   4451 |    131 |    463 |   3058 |   6 |  763.7 |
       Dungeon |   4535 |   4404 |    131 |    463 |   3013 |   5 |  907.0 |
         Abyss |     47 |     47 |      0 |      0 |     45 |   1 |   47.0 |
               +--------+--------+--------+--------+--------+-----+--------+

Top non-repeatable levels by time:
     D:3: 1608 daAuts
     D:1: 1117 daAuts
     D:4: 961 daAuts
     D:2: 836 daAuts
 Abyss:1: 47 daAuts
     D:5: 12 daAuts
